 Dungeon Crawl Stone Soup version 0.28.0-45-g0d030f2227 (webtiles) character file.

Game seed: 689574244759301099

1776 hawla the Conjurer (level 8, -12/67 HPs)
             Began as a Grey Draconian Conjurer on Apr 21, 2022.
             Was an Initiate of Vehumet.
             Mangled by a two-headed ogre
             ... wielding a +0 giant spiked club
              (19 damage)
             ... on level 5 of the Dungeon.
             The game lasted 00:17:18 (6273 turns).

hawla the Conjurer (Grey Draconian Conjurer)        Turns: 6273, Time: 00:17:19

Health: -12/67     AC: 16    Str: 12    XL:     8   Next: 81%
Magic:  1/14       EV: 13    Int: 20    God:    Vehumet [......]
Gold:   217        SH:  0    Dex: 16    Spells: 3/15 levels left

rFire   . . .      SeeInvis .   d - +1 quarterstaff (drain)
rCold   . . .      Faith    .   (shield currently unavailable)
rNeg    . . .      Spirit   .   (armour unavailable)
rPois   .          Reflect  .   (helmet restricted)
rElec   .          Harm     .   (no cloak)
rCorr   .          Rampage  .   a - +0 pair of gloves
Will    .....                   (no boots)
Stlth   ++........              (no amulet)
HPRegen 0.21/turn               b - +4 ring of protection
MPRegen 0.14/turn               c - +6 ring of dexterity

@: brilliant, attractive
A: AC +11, amphibious, unfitting armour, cold-blooded, horns 1, strong 1
a: Renounce Religion


You were on level 5 of the Dungeon.
You worshipped Vehumet.
Vehumet was noncommittal.
You visited 2 branches of the dungeon, and saw 6 of its levels.
You also visited: Sewer.

You collected 217 gold pieces.

Inventory:

Hand Weapons
 d - a +1 quarterstaff of draining (weapon)
Missiles
 j - 5 atropa-tipped darts
Armour
 a - a +0 pair of gloves (worn)
 l - a +0 cloak
Jewellery
 b - a +4 ring of protection (left hand)
 c - a +6 ring of dexterity (right hand)
Wands
 h - a wand of polymorph (4)
Scrolls
 g - a scroll of teleportation
 i - a scroll of identify
Potions
 f - a potion of brilliance


   Skills:
 + Level 4.8 Fighting
 + Level 4.1 Staves
 - Level 3.3 Dodging
 - Level 3.1 Stealth
 - Level 4.0 Spellcasting
 + Level 7.0 Conjurations
 - Level 1.0 Necromancy
 - Level 1.0 Translocations
 + Level 4.7 Earth Magic
 - Level 1.0 Evocations


You had 3 spell levels left.
You knew the following spells:

 Your Spells              Type           Power      Damage    Failure   Level
a - Magic Dart            Conj           100%       1d8       1%          1
b - Searing Ray           Conj           96%        2d7       1%          2
c - Iskenderun's Mystic   Conj/Tloc      30%        2d8       24%         4
d - Iskenderun's Battles  Conj           48%        2d10      21%         5

Your spell library contained the following spells:

 Spells                   Type           Power      Damage    Failure   Level
 Dazzling Flash           Conj/Hex       54%        N/A       9%          3
 Gell's Gravitas          Tloc           12%        N/A       26%         3
 Teleport Other           Tloc           12%        N/A       26%         3
 Tukima's Dance           Hex            6%         N/A       36%         3
 Fulminant Prism          Conj/Hex       13%        3d9       30%         4
 Anguish                  Hex/Necr       4%         N/A       71%         4
 Iron Shot                Conj/Erth      20%        9d5       87%         6
 Dispersal                Tloc           6%         N/A       100%        6
 Enfeeble                 Hex            3%         N/A       100%        7
 Spellforged Servitor     Conj/Summ      13%        N/A       100%        7


Dungeon Overview and Level Annotations

Branches:
Dungeon (5/15)             Temple (1/1) D:4           Sewer (visited)

Altars:
Ashenzari
Cheibriados
Elyvilon
Fedhas
Hepliaklqana
Kikubaaqudgha
Makhleb
Okawaru
Qazlal
Ru
Sif Muna
Trog
Vehumet
Wu Jian
Yredelemnul
The Shining One

Shops:
D:5 [


Innate Abilities, Weirdness & Mutations

Your dull iron-grey scales are very hard. (AC +11)
You are amphibious.
You cannot fit into any form of body armour.
You are cold-blooded and may be slowed by cold attacks.
You have a pair of small horns on your head.
Your muscles are strong. (Str +2)


Message History

(Press . to maintain the ray.)
The searing ray hits the two-headed ogre.
The two-headed ogre is lightly wounded.
The searing ray hits the two-headed ogre.
The two-headed ogre is moderately wounded.
The searing ray hits the two-headed ogre.
The two-headed ogre is moderately wounded.
You finish channelling your searing ray.
The two-headed ogre barely misses you.
The two-headed ogre hits you with a +0 giant club.
Casting: Searing Ray (safe; 1% risk of failure)
Confirm with . or Enter, or press ? or * to list all spells.
You erupt in a blast of force!
The mystic blast hits the two-headed ogre!
The two-headed ogre is moderately wounded.
The two-headed ogre hits you with a +0 giant spiked club!
The two-headed ogre hits you with a +0 giant club!
Casting: Iskenderun's Mystic Blast (dangerous; 24% risk of failure)
Confirm with . or Enter, or press ? or * to list all spells.
You erupt in a blast of force!
The mystic blast hits the two-headed ogre.
The two-headed ogre is heavily wounded.
The two-headed ogre is knocked back by the mystic blast.
Unknown command.
Aiming: Polymorph
Press: ? - help, Shift-Dir - straight line, f/p - two-headed ogre
Aim: a two-headed ogre, wielding a +0 giant spiked club and a +0 giant club (heavily wounded, will become a scorpion, a torpor snail, or a jorogumo, chance to affect: 33%)
The two-headed ogre easily resists.
It was a potion of curing.
You feel better.
It was a potion of attraction.
You feel attractive to monsters.
A black bear comes into view.
The two-headed ogre hits you with a +0 giant spiked club!
The two-headed ogre hits you with a +0 giant club!
The black bear is attracted toward you.
You feel clever all of a sudden.
The two-headed ogre hits you with a +0 giant spiked club!!
* * * LOW HITPOINT WARNING * * *
The two-headed ogre hits you with a +0 giant club!!
You die...

.###### #.# ....... ##..
####### ..... #######
##... #...... #.....
#...... #...###
#######......
#.#.....####....$.......
ยง(..h.O@.....########.##
...........###........#
>.......##..###..##.###
........)##.......#.####
.......#..######.......#
.......##.# #..#.##..
....... #!## ##...####
....... #..########...##
##.....####.....


You could see a two-headed ogre and a black bear (wandering).

Vanquished Creatures
  Pikel (D:5)
  Grinder (D:5)
  Sigmund (D:2)
  Edmund (D:4)
  2 sky beasts (D:5)
  Pargi (Sewer)
  An ice beast (D:5)
  A lemure (D:5)
  2 scorpions
  A bullfrog zombie (D:4)
  An orc priest (D:5)
  Jessica (D:3)
  Ijyb (D:3)
  Terence (D:3)
  An iguana (D:5)
  A river rat (D:3)
  9 adders
  A howler monkey skeleton (D:3)
  A white imp (D:5)
  5 worms
  A dart slug (D:5)
  7 orcs
  6 ball pythons
  6 endoplasms
  6 giant cockroaches
  6 goblins
  8 hobgoblins
  4 quokkas
  4 bats
  3 frilled lizards
  7 kobolds
  8 rats
100 creatures vanquished.

Vanquished Creatures (others)
  2 plants (D:1)
2 creatures vanquished.

Grand Total: 102 creatures vanquished

Notes
Turn   | Place    | Note
-------+----------+-------------------------------------------
     0 | D:1      | hawla the Draconian Conjurer began the quest for the Orb.
     0 | D:1      | Reached XP level 1. HP: 14/14 MP: 3/3
   452 | D:1      | Reached XP level 2. HP: 20/20 MP: 0/5
   455 | D:1      | Learned a level 2 spell: Searing Ray
   688 | D:1      | Found a faded altar of an unknown god.
  1424 | D:2      | Noticed a scorpion
  1434 | D:2      | Killed a scorpion
  1435 | D:2      | Reached skill level 5 in Conjurations
  1435 | D:2      | Reached XP level 3. HP: 6/26 MP: 0/6
  1435 | D:2      | Reached XP level 4. HP: 8/33 MP: 0/7
  1703 | D:2      | Learned a level 4 spell: Iskenderun's Mystic Blast
  1732 | D:2      | Noticed Sigmund
  2085 | D:2      | Killed Sigmund
  2086 | D:2      | Reached skill level 1 in Fighting
  2086 | D:2      | Reached XP level 5. HP: 34/40 MP: 0/9
  2201 | D:2      | Found a snail-covered altar of Cheibriados.
  2838 | D:2      | Reached skill level 6 in Conjurations
  2838 | D:2      | Reached XP level 6. HP: 47/47 MP: 6/10
  3114 | D:3      | Found a glowing drain.
  3152 | Sewer    | Entered a sewer
  3477 | Sewer    | Noticed Pargi
  3494 | Sewer    | Gained mutation: You are weak. (Str -2) [potion of
                  | mutation]
  3494 | Sewer    | Gained mutation: You expend magic power (3 MP) to
                  | strengthen your wands. [potion of mutation]
  3498 | Sewer    | Killed Pargi
  3815 | D:3      | Noticed Ijyb
  3827 | D:3      | Killed Ijyb
  4026 | D:3      | Noticed Terence
  4041 | D:3      | Killed Terence
  4169 | D:3      | Noticed Jessica
  4173 | D:3      | Killed Jessica
  4174 | D:3      | Your scales start taking on a dull iron-grey colour.
  4174 | D:3      | Reached XP level 7. HP: 52/52 MP: 7/12
  4709 | D:4      | Found a staircase to the Ecumenical Temple.
  4764 | Temple   | Entered the Ecumenical Temple
  4997 | Temple   | Became a worshipper of Vehumet
  5048 | D:4      | Noticed Edmund
  5061 | D:4      | Killed Edmund
  5062 | D:4      | Reached skill level 1 in Staves
  5062 | D:4      | Reached skill level 1 in Earth Magic
  5367 | D:4      | Lost mutation: You expend magic power (3 MP) to strengthen
                  | your wands. [potion of mutation]
  5367 | D:4      | Lost mutation: You are weak. (Str -2) [potion of mutation]
  5367 | D:4      | Gained mutation: Your muscles are strong. (Str +2) [potion
                  | of mutation]
  5367 | D:4      | Gained mutation: You have a pair of small horns on your
                  | head. [potion of mutation]
  5399 | D:4      | Reached skill level 1 in Evocations
  5609 | D:5      | Entered Level 5 of the Dungeon
  5616 | D:5      | Reached skill level 1 in Necromancy
  5622 | D:5      | Learned a level 5 spell: Iskenderun's Battlesphere
  5704 | D:5      | Noticed Grinder
  5714 | D:5      | Killed Grinder
  5715 | D:5      | Reached skill level 1 in Translocations
  5772 | D:5      | Noticed Pikel
  5788 | D:5      | Killed Pikel
  5789 | D:5      | Reached skill level 7 in Conjurations
  5789 | D:5      | Reached XP level 8. HP: 57/66 MP: 0/14
  5859 | D:5      | Noticed a two-headed ogre
  5924 | D:5      | Found Pipnocur's Armour Shop.
  6273 | D:5      | Mangled by a two-headed ogre

Illustrated notes

Levels and vault maps discovered:
D:1:      nicolae_arrival_washed_ashore, layout_loops_corners,
          shapermc_ecumenical_altar_mp_ritualfount
D:2:      layout_loops_cross, basic_altar, chequers_avenue, uniq_sigmund
D:3:      layout_basic, portal_sewer_entry_e, fountainhead,
          minmay_misc_feat_plants, minmay_fountain_box, uniq_jessica,
          uniq_terence, uniq_ijyb
D:4:      layout_loops_ring, minmay_temple_entry_tees, serial_bayou,
          serial_bayou_ford_a, serial_bayou_shore_a, serial_bayou_pond_c,
          serial_bayou_pond_e, serial_bayou_pond_d, serial_bayou_pond_d,
          serial_park_tiny_pond, uniq_edmund
D:5:      layout_rooms, nicolae_ossuary_entry_ruins, serial_shops,
          nicolae_shop_stone, uniq_pikel, uniq_grinder
Temple:   mainiacjoe_temple_cubbyholes

Skill      XL: |  1  2  3  4  5  6  7  8 |
---------------+-------------------------+-----
Dodging        | 2 3 |  3.3
Stealth        | 2 3 |  3.1
Conjurations   | 5 6 7 |  7.0
Fighting       | 1 3 4 |  4.8
Spellcasting   | 3 4 |  4.0
Staves         | 3 4 |  4.1
Earth Magic    | 3 4 |  4.7
Evocations     | 1 |  1.0
Necromancy     | 1 |  1.0
Translocations | 1 |  1.0

Action                   |  1- 3 |  4- 6 |  7- 9 || total
-------------------------+-------+-------+-------++-------
Melee: Unarmed           |    15 |    39 |       ||    54
       Tailslap          |     2 |    14 |    13 ||    29
       Quarterstaff      |       |    21 |    99 ||   120
       Punch             |       |     1 |       ||     1
       Headbutt          |       |       |    17 ||    17
 Cast: Magic Dart        |    23 |    25 |     4 ||    52
       Searing Ray       |     6 |    19 |    12 ||    37
       Iskenderun's Myst |       |    12 |     6 ||    18
Evoke: Wand              |       |       |     1 ||     1
  Use: Potion            |     2 |     2 |     4 ||     8
       Scroll            |       |     3 |     2 ||     5
 Stab: Sleeping          |       |     2 |     2 ||     4
Armor: Skin              |     3 |   105 |    57 ||   165
Dodge: Dodged            |    12 |   155 |    78 ||   245
